 Dungeon Crawl Stone Soup version 0.23.2-33-g5129a83184 (webtiles) character file.

Game seed: 16008725383437280554

1532 DorianNounverber the Geomancer (level 8, -1/48 HPs)
             Began as a Gargoyle Earth Elementalist on July 19, 2019.
             Slain by a killer bee (7 damage)
             ... on level 5 of the Dungeon.
             The game lasted 00:16:06 (4606 turns).

DorianNounverber the Geomancer (GrEE)               Turns: 4606, Time: 00:16:07

Health: -1/48      AC:  9    Str: 13    XL:     8   Next: 85%
Magic:  0/16       EV: 16    Int: 17    God:
Gold:   334        SH:  0    Dex: 10    Spells: 5/18 levels left

rFire    . . .     SeeInvis .   u - +0 mace (pain)
rCold    . . .     Gourm    .   (no shield)
rNeg     + + .     Faith    .   H - +0 robe {rN+}
rPois    ∞         Spirit   .   z - +0 helmet
rElec    +         Reflect  .   t - +0 cloak
rCorr    .         Harm     .   (no gloves)
MR       .....                  (no boots)
Stlth    ++........             g - amulet of regeneration
HPRegen  0.56/turn              j - +3 ring of evasion
MPRegen  0.15/turn              A - +4 ring of slaying

@: about to teleport
A: negative energy resistance 1, electricity resistance, unbreathing,
petrification resistance, rot immunity, AC +5
a: no special abilities


You were on level 5 of the Dungeon.
You were very hungry.

You visited 1 branch of the dungeon, and saw 5 of its levels.

You collected 334 gold pieces.

Inventory:

Hand Weapons
 c - a +2 flail of crushing
 s - a +4 quarterstaff of chaos
 u - a +0 mace of pain (weapon)
Missiles
 b - 93 stones (quivered)
 p - 5 exploding tomahawks
Armour
 t - a +0 cloak (worn)
 z - a +0 helmet (worn)
 H - a +0 robe of positive energy (worn)
Jewellery
 g - an amulet of regeneration (around neck)
 j - a +3 ring of evasion (left hand)
 A - a +4 ring of slaying (right hand)
Wands
 a - a wand of random effects (13)
Scrolls
 m - 2 scrolls of immolation
 x - a scroll of enchant weapon
 G - 6 scrolls of identify {unknown}
Potions
 e - 3 potions of resistance {unknown}
 h - a potion of haste {unknown}
 i - a potion of degeneration {unknown}
 k - 2 potions of flight {unknown}
 l - 3 potions of brilliance {unknown}
 n - a potion of magic {unknown}
 o - 3 potions of lignification {unknown}
 B - 2 potions of cancellation
 E - 3 potions of mutation {unknown}
Comestibles
 d - 12 rations


   Skills:
 + Level 4.4 Fighting
 + Level 3.6 Dodging
 - Level 2.1 Stealth
 * Level 5.7 Spellcasting
 + Level 3.1 Conjurations
 - Level 0.7 Transmutations
 * Level 8.0 Earth Magic


You had 5 spell levels left.
You knew the following spells:

 Your Spells              Type           Power        Failure   Level  Hunger
a - Sandblast             Erth           ####..       1%          1    None
b - Stone Arrow           Conj/Erth      ###...       4%          3    ##.....
c - Lee's Rapid Deconstr  Erth           ####......   14%         5    ######.
d - Petrify               Tmut/Erth      ###.....     22%         4    ####...

Your spell library contained the following spells:

 Spells                   Type           Power        Failure   Level  Hunger
 Magic Dart               Conj           ###.         3%          1    None
 Passwall                 Tmut/Erth      ###.....     3%          2    #......
 Blink                    Tloc           N/A          21%         2    #......
 Call Imp                 Summ           #.......     21%         2    #......
 Slow                     Hex            #.......     21%         2    #......
 Conjure Flame            Conj/Fire      ##......     21%         3    ##.....
 Mephitic Cloud           Conj/Pois/Air  #.......     26%         3    ##.....


Dungeon Overview and Level Annotations

Branches:
Dungeon (5/15)
 Temple: D:4-7

Altars:
Kikubaaqudgha
Sif Muna


Innate Abilities, Weirdness & Mutations

You are resistant to torment.
Your stone body is resilient. (AC +5)
You are immune to poison.
You resist negative energy. (rN+)
You are resistant to electric shocks. (rElec)
You can survive without breathing.
You are immune to petrification.
You are immune to rotting.


Message History

Your Earth Magic skill increases to level 8!
b - 93 stones The killer bee misses you.
The killer bee barely misses you. The killer bee completely misses you.
The killer bee stings you.
* * * LOW HITPOINT WARNING * * *
The killer bee stings you.
* * * LOW HITPOINT WARNING * * *
As you read the scroll of teleportation, it crumbles to dust.
You feel strangely unstable.
The killer bee stings you but does no damage.
The killer bee misses you. The killer bee completely misses you.
The killer bee closely misses you. The killer bee stings you.
* * * LOW HITPOINT WARNING * * *
The killer bee barely misses you.
You barely miss the killer bee.
The killer bee is heavily wounded.
The killer bee barely misses you. The killer bee misses you.
The killer bee barely misses you. The killer bee closely misses you.
The killer bee completely misses you. x2; The killer bee stings you!
You die...

...........##....≈≈≈....#.##.
..####.#####...≈≈≈≈≈...####.
#.##.....≈≈...≈≈.....#.
#........≈≈.>.≈≈..._.#.
#..####.##.....≈≈...≈≈.....#.
.........####...≈≈≈≈≈...####.
#..####.#####....≈≈≈....# ##.
..####.##(y##.........## #..
...........y@##.......## #..
#..####..#.#y####...### #..
#..#.#.#.###### #..
...............# #..
###.........##..##!# #..
..................# #..
##..#.#.#.........# #..
....#.#.#.......... #.. ##.
#.#.#..###.....


You could see 3 killer bees.

Vanquished Creatures
  Pikel (D:4)
  Sigmund (D:2)
  A scorpion (D:4)
  2 killer bees (D:5)
  A howler monkey (D:5)
  Crazy Yiuf (D:2)
  A jelly (D:5)
  4 orc priests
  A centaur skeleton (D:5)
  4 orc wizards
  3 hounds
  Jessica (D:5)
  2 worker ants (D:4)
  Robin (D:3)
  3 gnolls (D:3)
  7 adders
  A shadow imp (D:5)
  3 oozes
  An adder skeleton (D:4)
  2 worms (D:3)
  A dart slug (D:2)
  5 leopard geckos
  16 orcs
  A ball python (D:2)
  3 giant cockroaches
  19 goblins
  5 hobgoblins
  10 jackals
  A quokka (D:2)
  6 bats
  8 frilled lizards
  13 kobolds
  A leopard gecko skeleton (D:4)
  A quokka skeleton (D:4)
  6 rats
  A rat zombie (D:4)
138 creatures vanquished.

Vanquished Creatures (collateral kills)
  A leopard gecko skeleton (D:5)
1 creature vanquished.

Grand Total: 139 creatures vanquished

Notes
Turn   | Place    | Note
-------+----------+-------------------------------------------
     0 | D:1      | DorianNounverber the Gargoyle Earth Elementalist began the
                  | quest for the Orb.
     0 | D:1      | Reached XP level 1. HP: 10/10 MP: 3/3
   460 | D:1      | Reached XP level 2. HP: 16/16 MP: 5/5
   885 | D:2      | Reached skill level 4 in Earth Magic
   963 | D:2      | Reached XP level 3. HP: 6/20 MP: 2/6
  1015 | D:2      | Reached skill level 1 in Fighting
  1106 | D:2      | Noticed Sigmund
  1145 | D:2      | Killed Sigmund
  1145 | D:2      | Reached skill level 5 in Earth Magic
  1145 | D:2      | Reached XP level 4. HP: 19/26 MP: 2/9
  1145 | D:2      | Reached XP level 5. HP: 22/30 MP: 2/10
  1154 | D:2      | Learned a level 3 spell: Stone Arrow
  1223 | D:2      | Learned a level 5 spell: Lee's Rapid Deconstruction
  1328 | D:2      | Found a runed translucent door.
  1330 | D:2      | Noticed Crazy Yiuf
  1336 | D:2      | Killed Crazy Yiuf
  1336 | D:2      | Reached XP level 6. HP: 35/35 MP: 7/11
  1673 | D:3      | Noticed Robin
  1982 | D:3      | Killed Robin
  2440 | D:3      | Reached skill level 6 in Earth Magic
  2470 | D:3      | Reached XP level 7. HP: 40/40 MP: 13/13
  2475 | D:3      | Reached skill level 1 in Conjurations
  3595 | D:4      | Noticed Pikel
  3604 | D:4      | Killed Pikel
  3604 | D:4      | Reached skill level 5 in Spellcasting
  3604 | D:4      | Reached skill level 7 in Earth Magic
  3604 | D:4      | Reached XP level 8. HP: 21/48 MP: 4/15
  3610 | D:4      | Learned a level 4 spell: Petrify
  3962 | D:4      | Found an ancient bone altar of Kikubaaqudgha.
  4036 | D:5      | Entered Level 5 of the Dungeon
  4510 | D:5      | Noticed Jessica
  4526 | D:5      | Found a deep blue altar of Sif Muna.
  4537 | D:5      | Killed Jessica
  4604 | D:5      | Reached skill level 8 in Earth Magic
  4606 | D:5      | Slain by a killer bee

Skill      XL: |  1  2  3  4  5  6  7  8 |
---------------+-------------------------+-----
Earth Magic    | 4 5 6 7 8 |  8.0
Fighting       | 2 3 4 |  4.4
Dodging        | 2 3 |  3.6
Spellcasting   | 3 4 5 |  5.7
Conjurations   | 2 3 |  3.1
Stealth        | |  2.1
Transmutations | |  0.7

Action                   |  1- 3 |  4- 6 |  7- 9 || total
-------------------------+-------+-------+-------++-------
Melee: Dagger            |    12 |       |       ||    12
       Unarmed           |    10 |       |    10 ||    20
       Whip              |    95 |     9 |       ||   104
       Mace              |       |   138 |    44 ||   182
       Quarterstaff      |       |       |    88 ||    88
 Cast: Sandblast         |    15 |    28 |    18 ||    61
       Stone Arrow       |       |     1 |    17 ||    18
       Lee's Rapid Decon |       |       |     1 ||     1
  Use: Scroll            |       |     6 |     3 ||     9
       Potion            |       |       |     1 ||     1
 Stab: Sleeping          |       |     1 |     1 ||     2
       Petrifying        |       |       |     1 ||     1
       Petrified         |       |       |     1 ||     1
  Eat: Chunk             |     1 |     4 |     8 ||    13
Armor: Robe              |    42 |    51 |    60 ||   153
Dodge: Dodged            |   105 |   167 |   156 ||   428
